 Dungeon Crawl Stone Soup version 0.18-a0-1171-ga8e22e7 (webtiles) character file.

292 4thArraOfDagon the Chopper (level 6, -3/52 HPs)
             Began as a Centaur Berserker on Jan 26, 2016.
             Was a Believer of Trog.
             Slain by a gnoll
             ... wielding a +0 whip
              (5 damage)
             ... on level 4 of the Dungeon.
             The game lasted 00:03:50 (598 turns).

4thArraOfDagon the Chopper (Centaur Berserker)       Turns: 598, Time: 00:03:51

Health: -3/52      AC:  8    Str: 20    XL:     6   Next: 10%
Magic:  6/6        EV:  8    Int:  7    God:    Trog [**....]
Gold:   54         SH:  0    Dex:  9    Spells: 0 memorised, 5 levels left

rFire  . . .     SeeInvis .     a - +0 hand axe
rCold  . . .     Gourm    .     h - +0 ring mail {rN+}
rNeg   + . .     Faith    .     (no shield)
rPois  +         Spirit   .     (no helmet)
rElec  .         Dismiss  .     b - +0 cloak (curse)
rCorr  .         Reflect  .     m - +0 pair of gloves
SustAt .         Harm     .     (no barding)
MR     ++...     Rnd*Tele +     (no amulet)
Stlth  ..........               k - ring of poison resistance
                                d - ring of teleportation (curse)

@: exhausted, very slightly contaminated, regenerating, hasted and slowed, very
quick, very resistant to hostile enchantments, extremely unstealthy
A: hooves 3, deformed body, speed 2, tough skin 3
a: Berserk, Trog's Hand, Burn Spellbooks, Renounce Religion


You were on level 4 of the Dungeon.
You worshipped Trog.
Trog was pleased with you.
You were not hungry.

You visited 1 branch of the dungeon, and saw 6 of its levels.

You collected 54 gold pieces.

Inventory:

Hand Weapons
 a - a +0 hand axe (weapon)
Missiles
 e - 7 steel tomahawks (quivered)
Armour
 b - a cursed +0 cloak (worn)
 h - a +0 ring mail of positive energy (worn)
 m - a +0 pair of gloves (worn)
Jewellery
 d - a cursed ring of teleportation (left hand)
 k - a ring of poison resistance (right hand)
Potions
 i - a potion of magic
Comestibles
 c - 2 bread rations
 f - 3 chunks of flesh
 g - 2 meat rations
 n - a slice of pizza
 o - a beef jerky


   Skills:
 + Level 4.2 Fighting
 * Level 4.8 Axes
 + Level 2.6 Armour
 - Level 1.3 Dodging


You had 5 spell levels left.
You didn't know any spells.

Dungeon Overview and Level Annotations

Branches:
Dungeon (6/15)
 Temple: D:4-7

Altars:
Fedhas
Trog

Annotations:
D:6 Grinder


Innate Abilities, Weirdness & Mutations

You have hooves in place of feet.
Armour fits poorly on your strangely shaped body.
You cover ground very quickly.
You have extremely tough skin (AC +3).


Message History

The gnoll hits you with a whip.
* * * LOW HITPOINT WARNING * * *
The hound barely misses you.
You are very lightly contaminated with residual magic.
Unknown command.
Read which item? (? for menu, Esc to quit)
Okay, then.
Read which item? (? for menu, Esc to quit)
As you read the scroll labeled KASMYI HAFFE, it crumbles to dust.
It is a scroll of identify.
You don't have any unidentified items.
The gnoll barely misses you. The hound closely misses you.
Unknown command.
Drink which item? (? for menu, Esc to quit)
Okay, then.
Your skin crawls.
You feel resistant to hostile enchantments.
You feel slightly more hungry. The hound closely misses you.
The gnoll hits you with a whip.
You die...

#########
#@h......
#g######.
#g#....#.#
#ggg......
#......#.#
##..#..#
#..# .#
#... #
#....


You could see a gnoll shaman, a hound and 3 gnolls.

Vanquished Creatures
  An ogre (D:5)
  A centaur (D:6)
  Natasha (D:4)
  2 iguanas (D:5)
  A worker ant (D:5)
  An adder (D:5)
  A giant gecko (D:5)
  A bat (D:1)
  A hobgoblin (D:1)
  6 jackals
  2 quokkas
  A ball python (D:3)
  A quokka skeleton (D:4)
  4 rats
24 creatures vanquished.

Notes
Turn   | Place    | Note
--------------------------------------------------------------
     0 | D:1      | 4thArraOfDagon the Centaur Berserker began the quest for the Orb.
     0 | D:1      | Reached XP level 1. HP: 19/19 MP: 1/1
   104 | D:1      | You fall through a shaft!
   122 | D:2      | Found a faded altar to an unknown god.
   230 | D:4      | Noticed Natasha
   236 | D:4      | Killed Natasha
   236 | D:4      | Reached XP level 2. HP: 26/26 MP: 2/2
   236 | D:4      | Reached XP level 3. HP: 31/31 MP: 3/3
   310 | D:4      | Found a bloodstained altar of Trog.
   310 | D:4      | Found a blossoming altar of Fedhas.
   338 | D:5      | Entered Level 5 of the Dungeon
   401 | D:6      | Noticed a centaur
   406 | D:6      | Killed a centaur
   406 | D:6      | Reached skill level 4 in Axes
   406 | D:6      | Reached XP level 4. HP: 17/40 MP: 4/4
   427 | D:5      | Noticed an ogre
   444 | D:6      | Noticed Grinder
   451 | D:6      | Noticed an orc warrior
   455 | D:5      | Noticed an ice beast
   557 | D:5      | Reached XP level 5. HP: 24/46 MP: 5/5
   560 | D:5      | Reached ** piety under Trog
   562 | D:5      | Killed an ogre
   564 | D:5      | Reached XP level 6. HP: 23/52 MP: 6/6
   593 | D:4      | :)
   595 | D:4      | HP: 2/52 [hound (3)]
   598 | D:4      | Slain by a gnoll

Vault maps used:
D:1:      lightli_arrival_noodles, corexii_item_surrounded_by_moat
D:2:      nicolae_ashenzari_panopticon, ecumenical_altar_1,
          johnstein_pakellas_dig
D:4:      marbit_many_paths, amethyst_overflow_temple_binary, first_bread,
          uniq_natasha
D:5:      temple_hall
D:6:      minmay_ogre_servants, uniq_grinder

Action                   |  1- 3 |  4- 6 || total
-------------------------+-------+-------++-------
Melee: Hand axe          |    33 |    14 ||    47
Invok: Berserk           |     2 |     1 ||     3
       Trog's Hand       |       |     1 ||     1
  Use: Potion            |       |     3 ||     3
       Scroll            |       |     2 ||     2
  Eat: Chunk             |       |     2 ||     2
